 Dungeon Crawl Stone Soup version 0.20.1-1-g8b1a95d (console) character file.

8485 bgiannan the Fighter (level 11, 0/119 HPs)
             Began as a Troll Monk on Sept 6, 2017.
             Was a High Priest of Okawaru.
             Slain by a spiny frog (3 damage)
             ... on level 2 of the Lair of Beasts.
             The game lasted 00:15:01 (7194 turns).

bgiannan the Fighter (Troll Monk)                   Turns: 7194, Time: 00:15:02

Health: 0/119      AC:  6    Str: 21    XL:     11   Next: 10%
Magic:  10/10      EV: 12    Int:  6    God:    Okawaru [*****.]
Gold:   440        SH:  8    Dex: 20    Spells: 10/10 levels left

rFire    + . .     SeeInvis .     - Unarmed
rCold    . . .     Gourm    +   J - +0 shield "Bewoix" {Dex+5}
rNeg     . . .     Faith    .   a - +1 robe
rPois    .         Spirit   .   (helmet restricted)
rElec    .         Reflect  .   p - scarf {repulsion}
rCorr    .         Harm     .   (gloves unavailable)
MR       .....                  (boots unavailable)
Stlth    ++........             (no amulet)
Regen    0.7/turn               m - ring of protection from fire
MPRegen  0.2/turn               k - +2 ring of slaying

@: lethally poisoned (0 -> -4), repel missiles
A: unfitting armour, claws 3, fast metabolism 3, gourmand, regeneration 1,
shaggy fur 1, tough skin 2
a: Heroism, Finesse, Renounce Religion


You were on level 2 of the Lair of Beasts.
You worshipped Okawaru.
Okawaru was extremely pleased with you.
You were completely stuffed.

You visited 3 branches of the dungeon, and saw 12 of its levels.

You collected 440 gold pieces.

Inventory:

Armour
 a - a +1 robe (worn)
 p - a scarf of repulsion (worn)
 J - the +0 shield "Bewoix" (worn) {Dex+5}
   (You found it on level 1 of the Lair of Beasts)

   It affects your dexterity (+5).
Jewellery
 j - an uncursed ring of flight
 k - a +2 ring of slaying (right claw)
 m - a ring of protection from fire (left claw)
Wands
 h - a wand of random effects (37/48)
 o - a wand of enslavement (14/24)
 x - a wand of disintegration (16/24)
 y - a wand of paralysis (9/24)
 C - a wand of iceblast (4/15)
 D - a wand of scattershot (3/9)
Scrolls
 c - 4 scrolls of remove curse
 i - 3 scrolls of enchant armour
 l - 2 scrolls of recharging
 q - 3 scrolls of magic mapping
 r - 3 scrolls of teleportation
 B - a scroll of blinking
 H - a scroll of enchant weapon
 L - a scroll of summoning
Potions
 d - a potion of cancellation
 e - 3 potions of agility
 n - a potion of lignification
 s - 2 potions of heal wounds
 t - a potion of berserk rage
 u - a potion of haste
 v - a potion of ambrosia {unknown}
 w - 2 potions of curing
 z - a potion of magic {unknown}
 F - a potion of flight {unknown}
 G - a potion of resistance {unknown}
Books
 A - a book of Callings

   Spells                             Type                      Level
   a - Summon Small Mammal            Summoning                    1
   b - Call Imp                       Summoning                    2
   c - Call Canine Familiar           Summoning                    3
   d - Summon Guardian Golem          Hexes/Summoning              3
   e - Summon Lightning Spire         Summoning/Air                4
   f - Summon Ice Beast               Ice/Summoning                4
 E - a book of Clouds

   Spells                             Type                      Level
   a - Poisonous Vapours              Poison/Air                   2
   b - Mephitic Cloud                 Conjuration/Poison/Air       3
   c - Conjure Flame                  Conjuration/Fire             3
   d - Freezing Cloud                 Conjuration/Ice/Air          6
   e - Ring of Flames                 Charms/Fire                  7
Comestibles
 b - 7 bread rations
 f - 3 meat rations
 g - 10 royal jellies
 I - 12 fruits
 K - 6 chunks of flesh


   Skills:
 - Level 10.4 Fighting
 * Level 6.8 Dodging
 - Level 1.0 Stealth
 + Level 0.4 Shields
 - Level 10.2 Unarmed Combat


You had 10 spell levels left.
You didn't know any spells.

Dungeon Overview and Level Annotations

Branches:
Dungeon (9/15)             Temple (1/1) D:7            Lair (2/6) D:9
  Swamp: Lair:2-4    Shoals: Lair:2-4     Snake: Lair:2-4    Spider: Lair:2-4
    Orc: D:9-12

Altars:
Ashenzari
Cheibriados
Dithmenos
Elyvilon
Fedhas
Gozag
Hepliaklqana
Kikubaaqudgha
Makhleb
Nemelex Xobeh
Okawaru
Qazlal
Ru
Sif Muna
Trog
Uskayaw
Vehumet
Xom
Yredelemnul
Zin
The Shining One


Innate Abilities, Weirdness & Mutations

You are too large for most types of armour.
You have claws for hands.
Your metabolism is lightning-fast.
You like to eat raw meat.
Your natural rate of healing is unusually fast.
You are covered in fur. (AC +1)
You have very tough skin. (AC +2)


Message History

The blink frog hits you! The blink frog hits you. The blink frog hits you!
The spiny frog stings you!
You are poisoned.
The spiny frog poisons you! You block the blink frog's attack.
You are too injured to fight recklessly!
You are too injured to fight recklessly!
The blink frog gives a loud, deep croak!
You mangle the blink frog!!
The blink frog is heavily wounded.
You feel sick.
The blink frog blinks!
The blink frog hits you!
* * * LOW HITPOINT WARNING * * *
The blink frog blinks!
The blink frog hits you!
* * * LOW HITPOINT WARNING * * *
The blink frog closely misses you. You block the spiny frog's attack.
You feel much better.
You feel sick. The blink frog hits you!
* * * LOW HITPOINT WARNING * * *
The blink frog hits you!
* * * LOW HITPOINT WARNING * * *
The spiny frog stings you.
You die... ▒▒▒P▒▒▒ ▒∙∙∙∙▒▒▒ ▒▒▒ ▒∙∙∙P▒ ▒▒'▒▒▒▒▒▒ ▒▒∙∙∙∙∙∙∙∙∙ ▒▒ ▒▒▒▒▒▒ ▒P∙∙∙∙∙∙∙∙∙ ∙∙∙▒∙P▒∙▒▒▒▒▒∙∙∙∙∙∙∙∙∙∙ ∙∙∙∙∙∙∙∙∙∙∙∙■∙∙(∙∙∙∙∙∙

▒∙∙∙∙∙∙▒∙∙∙∙∙∙∙∙∙∙∙
▒▒∙∙▒▒∙▒▒▒∙∙∙∙∙∙∙∙∙
▒▒#▒▒▒▒▒ ▒▒▒∙▒▒∙■▒∙
▒∙TP▒▒ ▒▒ ∙∙▒
▒▒▒▒FFF∙▒▒ ▒▒
▒∙∙∙∙F∙∙∙▒
▒▒∙▒▒∙%∙∙∙∙∙∙ ▒∙∙


∙∙∙∙∙∙∙∙∙ ▒∙ ▒▒∙;PP≈P∙∙ P∙ ∙#≈≈≈≈≈∙P ▒▒ ▒∙≈≈≈≈≈≈≈ ∙∙≈≈≈P≈≈≈ ▒∙≈≈≈≈≈≈≈ You could
see a spiny frog, 3 blink frogs and an electric eel.

Vanquished Creatures
  A hydra (D:9)
  A two-headed ogre (D:8)
  Erica (D:9)
  Pikel (D:9)
  Joseph (D:9)
  A black mamba (Lair:1)
  A spiny frog (Lair:1)
  Prince Ribbit (D:7)
  2 hippogriffs
  2 dream sheep (D:9)
  A basilisk (Lair:1)
  Grum (Lair:1)
  2 yaks (D:9)
  Eustachio (D:4)
  A water moccasin (D:7)
  An ice beast (D:5)
  A necrophage (D:7)
  A sky beast (D:5)
  4 wolves (Lair:1)
  A hornet zombie (D:7)
  5 ogres
  3 centaurs
  3 crocodiles
  3 big kobolds (D:9)
  A wyvern zombie (D:7)
  5 bullfrogs
  4 scorpions
  3 wights (D:7)
  An electric eel (Lair:1)
  A bullfrog zombie (D:7)
  A bullfrog skeleton (D:6)
  5 hounds
  2 jellies (D:8)
  An orc priest (D:7)
  Jessica (D:2)
  Terence (D:2)
  2 iguanas (D:9)
  6 orc wizards
  7 worker ants
  A worker ant zombie (D:8)
  A howler monkey skeleton (D:9)
  8 adders
  4 gnolls (D:6)
  3 oozes
  5 adder skeletons
  A worm (D:3)
  A dart slug (D:1)
  5 leopard geckos
  14 orcs
  6 ball pythons
  6 bats
  2 giant cockroaches
  8 goblins
  3 hobgoblins
  8 jackals
  6 quokkas
  8 frilled lizards
  10 kobolds
  A leopard gecko zombie (D:7)
  A quokka zombie (D:7)
  6 rats
189 creatures vanquished.

Notes
Turn   | Place    | Note
-------+----------+-------------------------------------------
     0 | D:1      | bgiannan the Troll Monk began the quest for the Orb.
     0 | D:1      | Reached XP level 1. HP: 22/22 MP: 0/0
   168 | D:1      | Reached XP level 2. HP: 20/29 MP: 1/1
   527 | D:1      | Reached XP level 3. HP: 36/36 MP: 2/2
   682 | D:2      | Noticed Terence
   693 | D:2      | Killed Terence
   770 | D:2      | Noticed Jessica
   775 | D:2      | Killed Jessica
   775 | D:2      | Reached XP level 4. HP: 45/45 MP: 3/3
  1299 | D:3      | Reached XP level 5. HP: 53/53 MP: 4/4
  1351 | D:3      | Found a sparkling altar of Nemelex Xobeh.
  1695 | D:4      | Noticed Eustachio
  1710 | D:4      | Killed Eustachio
  1710 | D:4      | Reached skill level 5 in Unarmed Combat
  1710 | D:4      | Reached XP level 6. HP: 55/62 MP: 5/5
  1836 | D:4      | Reached XP level 7. HP: 70/71 MP: 6/6
  1889 | D:4      | Reached skill level 5 in Fighting
  2118 | D:4      | Found a stormy altar of Qazlal.
  2423 | D:5      | Entered Level 5 of the Dungeon
  2475 | D:5      | Found a shadowy altar of Dithmenos.
  2835 | D:5      | Found a sparkling altar of Nemelex Xobeh.
  2842 | D:5      | Reached XP level 8. HP: 78/83 MP: 7/7
  3487 | D:7      | Noticed a hippogriff
  3495 | D:7      | Killed a hippogriff
  3589 | D:7      | Reached XP level 9. HP: 73/93 MP: 8/8
  3741 | D:7      | Found a staircase to the Ecumenical Temple.
  3747 | Temple   | Entered the Ecumenical Temple
  4042 | Temple   | Became a worshipper of Warmaster Okawaru
  4042 | Temple   | Reached * piety under Okawaru
  4042 | Temple   | Reached ** piety under Okawaru
  4117 | D:7      | Noticed Prince Ribbit
  4130 | D:7      | Killed Prince Ribbit
  4610 | D:7      | Found a blossoming altar of Fedhas.
  5074 | D:8      | Reached *** piety under Okawaru
  5354 | D:8      | Noticed a two-headed ogre
  5365 | D:8      | Killed a two-headed ogre
  5365 | D:8      | Reached skill level 10 in Unarmed Combat
  5498 | D:9      | Noticed Joseph
  5502 | D:9      | Killed Joseph
  5502 | D:9      | Reached XP level 10. HP: 77/106 MP: 9/9
  5527 | D:9      | Found a burning altar of Makhleb.
  5555 | D:9      | Reached **** piety under Okawaru
  5636 | D:9      | Found a staircase to the Lair.
  5716 | D:9      | Reached skill level 5 in Dodging
  5818 | D:9      | Noticed Pikel
  5822 | D:9      | Killed Pikel
  5903 | D:9      | Noticed Erica
  5913 | D:9      | Killed Erica
  5929 | D:9      | Reached ***** piety under Okawaru
  5980 | D:9      | Noticed a three-headed hydra
  5987 | D:9      | Killed a six-headed hydra
  6216 | Lair:1   | Entered Level 1 of the Lair of Beasts
  6358 | Lair:1   | Reached skill level 10 in Fighting
  6419 | Lair:1   | Noticed a spiny frog
  6429 | Lair:1   | Killed a spiny frog
  6434 | Lair:1   | Got a jewelled shield
  6440 | Lair:1   | Identified the cursed +0 shield "Bewoix" {Dex+5} (You found it on level 1 of the Lair of Beasts)
  6776 | Lair:1   | Noticed Grum
  6786 | Lair:1   | Killed Grum
  6797 | Lair:1   | Reached XP level 11. HP: 43/119 MP: 3/10
  7194 | Lair:2   | HP: 3/119 [blink frog (12)]
  7194 | Lair:2   | Slain by a spiny frog

Skill      XL: |  1  2  3  4  5  6  7  8  9 10 |
---------------+-------------------------------+-----
Fighting       | 3 4 6 7 8 10 | 10.4
Unarmed Combat | 4 5 6 7 8 10 | 10.2
Dodging        | 3 4 6 |  6.8
Stealth        | |  1.0
Shields        | |  0.4

Action                   |  1- 3 |  4- 6 |  7- 9 | 10-12 || total
-------------------------+-------+-------+-------+-------++-------
Melee: Unarmed           |    63 |    96 |   228 |   125 ||   512
       Punch             |     1 |     1 |    11 |     2 ||    15
Invok: Heroism           |       |       |     1 |     4 ||     5
       Finesse           |       |       |       |     2 ||     2
  Use: Scroll            |     5 |    10 |     5 |     5 ||    25
       Potion            |       |     2 |       |     3 ||     5
 Stab: Sleeping          |     2 |     4 |     6 |       ||    12
       Distracted        |     1 |       |       |       ||     1
       Invisible         |       |       |       |     1 ||     1
  Eat: Chunk             |    13 |     9 |    34 |    15 ||    71
Armor: Robe              |    21 |    37 |    36 |     7 ||   101
Dodge: Dodged            |    23 |    51 |   108 |    68 ||   250
       Deflected         |       |       |     4 |       ||     4
Block: Shield            |       |       |       |    19 ||    19
